 Dungeon Crawl Stone Soup version 0.30.0-29-ga12c61a403 (webtiles) character file.

Game seed: 8765869316797553549

39 ChadusMaximus the Caller (level 3, 0/24 HPs)
             Began as a Barachi Summoner on June 23, 2023.
             Succumbed to an adder's poison
             ... on level 2 of the Dungeon.
             The game lasted 00:02:35 (1612 turns).

ChadusMaximus the Caller (Barachi Summoner)         Turns: 1612, Time: 00:02:36

Health: 0/24       AC:  2    Str:  9    XL:     3   Next: 47%
Magic:  7/7        EV: 12    Int: 17    God:
Gold:   98         SH:  0    Dex: 12    Spells: 6/7 levels left

rFire   + . .        e - +0 dagger
rCold   . . .        (no shield)
rNeg    . . .        a - +0 robe
rPois   .            (no helmet)
rElec   +            (no cloak)
rCorr   .            (no gloves)
SInv    .            (no boots)
Will    .....        (no amulet)
Stlth   ++           (no ring)
HPRegen 0.24/turn    (no ring)
MPRegen 0.10/turn

%: no passive effects
@: lethally poisoned (0 -> 0), hasted, very quick
A: amphibious, slowness 1, strong legs 1, +LOS, fire resistance 1, electricity
resistance
a: Hop


You were on level 2 of the Dungeon.
You visited 1 branch of the dungeon, and saw 2 of its levels.

You collected 98 gold pieces.

Inventory:

Hand Weapons
 d - a +0 club
 e - a +0 dagger (weapon)
Armour
 a - a +0 robe (worn)
Scrolls
 f - 2 scrolls of enchant armour {unknown}
 g - a scroll of enchant weapon {unknown}
Potions
 b - a potion of magic


   Skills:
 - Level 2.2 Dodging
 - Level 1.8 Stealth
 + Level 2.8 Spellcasting
 * Level 5.8 Summonings


You had 6 spell levels left.
You knew the following spells:

 Your Spells              Type           Power      Damage    Failure   Level
a - Summon Small Mammal   Summ           88%        N/A       1%          1

Your spell library contained the following spells:

 Spells                   Type           Power      Damage    Failure   Level
 Call Imp                 Summ           44%        N/A       2%          2
 Call Canine Familiar     Summ           22%        N/A       4%          3
 Summon Guardian Golem    Hex/Summ       12%        N/A       16%         3
 Sublimation of Blood     Necr           2%         N/A       26%         2
 Summon Lightning Spire   Summ/Air       12%        N/A       47%         4
 Petrify                  Tmut/Erth      2%         N/A       87%         4
 Irradiate                Conj/Tmut      1%         3d12      99%         5


Dungeon Overview and Level Annotations

Branches:
Dungeon (2/15)

Altars:


Innate Abilities, Weirdness & Mutations

You are amphibious.
You cover ground slowly.
You can hop short distances.
You have an extended range of vision and can be seen from far away.
Your flesh is heat resistant. (rF+)
You are resistant to electric shocks. (rElec)


Message History

The adder is heavily wounded.
The adder bites you.
You are poisoned.
The adder poisons you! The adder barely misses you.
You closely miss the adder.
The adder is heavily wounded.
You feel sick. The adder bites you.
You are more poisoned.
The adder poisons you!
You miss the adder.
The adder is heavily wounded.
You feel sick. The adder closely misses you.
You hit the adder.
The adder is severely wounded.
You feel sick. The adder bites you.
You are more poisoned.
The adder poisons you! The adder bites you.
Unknown command.
You hit the adder.
The adder is almost dead.
* * * LOW HITPOINT WARNING * * *
You feel sick. The adder misses you.
You hit the adder.
You kill the adder!
* * * LOW HITPOINT WARNING * * *
You feel sick.
It was a potion of mutation.
You feel extremely strange.
You feel insulated.
You feel resistant to heat.
* * * LOW HITPOINT WARNING * * *
You feel sick.
It was a potion of haste.
You feel yourself speed up.
* * * LOW HITPOINT WARNING * * *
You feel sick.
* * * LOW HITPOINT WARNING * * *
You feel sick.
* * * LOW HITPOINT WARNING * * *
You feel sick.
* * * LOW HITPOINT WARNING * * *
You feel sick.
You die...

#.# ### #. #.# ##.# ##'##
#..# ##...## #..#
##.....## #.# ##.......##
##.##
##.........####...######.
.'.........'.............
##.........####.@.######.
##.......## ##.##
##.....## #.# ##...## #..
##'## ##.# #.# .#
#.###### .# ######..(...#
.# #.......###.# .#


There were no monsters in sight!

Vanquished Creatures
  An adder (D:2)
  3 endoplasms (D:1)
  A giant cockroach (D:1)
  3 goblins (D:1)
  3 hobgoblins (D:1)
  A quokka (D:1)
  4 ball pythons
  4 bats (D:1)
  2 frilled lizards
  3 rats
25 creatures vanquished.

Vanquished Creatures (collateral kills)
  3 endoplasms (D:1)
  A goblin (D:1)
4 creatures vanquished.

Grand Total: 29 creatures vanquished

Notes
Turn   | Place    | Note
-------+----------+-------------------------------------------
     0 | D:1      | ChadusMaximus the Barachi Summoner began the quest for the
                  | Orb.
     0 | D:1      | Reached XP level 1. HP: 13/13 MP: 3/3
   177 | D:1      | Reached skill level 5 in Summonings
   188 | D:1      | Reached XP level 2. HP: 7/19 MP: 1/5
   865 | D:1      | Reached XP level 3. HP: 17/24 MP: 6/6
  1607 | D:2      | Gained mutation: You are resistant to electric shocks.
                  | (rElec) [potion of mutation]
  1607 | D:2      | Gained mutation: Your flesh is heat resistant. (rF+)
                  | [potion of mutation]
  1611 | D:2      | HP: 1/24 [poisoned by an adder]
  1612 | D:2      | Succumbed to an adder's poison

Illustrated notes

Levels and vault maps discovered:
D:1:      lightli_iron_boxes, layout_basic, minmay_hedge_maze
D:2:      layout_loops_corners, shapermc_ecumenical_altar_pompeii

Skill      XL: |  1 |
---------------+----+-----
Summonings     | 5 |  5.8
Dodging        | |  2.2
Stealth        | |  1.8
Spellcasting   | |  2.8

Action                     || total
---------------------------++-------
  Melee: Club              ||    14
         Unarmed           ||     3
         Dagger            ||   146
         Punch             ||     1
   Cast: Summon Small Mamm ||    13
Ability: Hop               ||     1
    Use: Potion            ||     2
   Stab: Sleeping          ||     3
 Armour: Robe              ||    54
  Dodge: Dodged            ||   106
